Philadelphia Flyers vs Tampa Bay Lightning
(R1)
Created - Tuesday, August 29, 2023 at 08:01
Goals
|
| Philadelphia Flyers |
0 |
1 |
1 |
2 |
| Tampa Bay Lightning |
0 |
3 |
2 |
5 |
|
Shots
|
| Philadelphia Flyers |
6 |
7 |
9 |
22 |
| Tampa Bay Lightning |
15 |
12 |
6 |
33 |
|
1st period
No Goal
Penalties :
Moritz Seider (TBL) for Hooking (Minor) at 9:31, Oliver Ekman-Larsson (PHI) for Roughing (Minor) at 19:25
2nd period
1. Tampa Bay Lightning , Roope Hintz 4 (Dylan Cozens 6) at 4:56
2. Tampa Bay Lightning , Kirill Kaprizov 2 (Hampus Lindholm 1, Travis Konecny 5) at 15:18 (PP)
3. Tampa Bay Lightning , Kirill Kaprizov 3 (Anze Kopitar 1, Vladislav Gavrikov 1) at 15:54
4. Philadelphia Flyers , Elias Lindholm 1 (Lukas Sedlak 1) at 16:03
Penalties :
Tyler Toffoli (TBL) for Hooking (Minor) at 10:05, Oliver Ekman-Larsson (PHI) for High sticking (Minor) at 10:24, Artem Zub (PHI) for Tripping (Minor) at 14:36, Nathan Bastian (PHI) for Holding (Minor) at 17:06
3rd period
5. Tampa Bay Lightning , Dylan Cozens 2 (Roope Hintz 1, Ivan Barbashev 1) at 0:36
6. Tampa Bay Lightning , Johnny Gaudreau 3 (Tyler Toffoli 3, Hampus Lindholm 2) at 17:17 (PP)
7. Philadelphia Flyers , Vladimir Tarasenko 3 (Elias Lindholm 5) at 18:02 (PP)
Penalties :
Travis Konecny (TBL) for Holding (Minor) at 2:05, Artem Zub (PHI) for Hooking (Minor) at 11:41, Artem Zub (PHI) for Hooking (Minor) at 17:00, Travis Konecny (TBL) for Hooking (Minor) at 17:54
Goalie Stats
Connor Ingram (PHI), 28 saves from 33 shots - (0.848), L, 0-4-0, 60:00 minutes
Filip Gustavsson (TBL), 20 saves from 22 shots - (0.909), W, 5-2-0, 60:00 minutes
Players Stats for Philadelphia Flyers
Player Name G A P +/- PIM S H SB GA TA FO MP PP MP PK MP
------------------------------------------------------------------------------------
Artem Zub 0 0 0 0 6 1 0 2 1 1 0/0 18:44 0:00 2:04
Auston Matthews 0 0 0 -1 0 1 3 0 0 0 8/16 18:05 2:11 3:37
Ben Chiarot 0 0 0 0 0 0 0 2 0 1 0/0 20:39 0:00 4:16
Bryan Rust 0 0 0 0 0 1 1 0 0 0 0/0 14:44 2:14 3:36
Charles Hudon 0 0 0 0 0 1 1 0 0 0 0/0 8:41 0:00 0:00
Elias Lindholm 1 1 2 1 0 8 2 0 2 0 15/25 20:24 2:14 3:14
Jack McBain 0 0 0 -2 0 0 4 0 0 0 0/0 16:53 0:00 3:26
Jesper Fast 0 0 0 0 0 1 1 0 0 0 0/0 8:41 0:00 0:00
Justin Faulk 0 0 0 0 0 0 1 1 0 0 0/0 23:11 2:14 3:34
Juuso Parssinen 0 0 0 -2 0 0 2 0 3 0 2/6 12:50 0:00 0:24
Lukas Sedlak 0 1 1 1 0 2 3 0 0 0 0/0 13:37 0:00 0:12
Matt Duchene 0 0 0 1 0 1 1 0 0 3 1/2 15:46 2:11 0:01
Matt Roy 0 0 0 -2 0 0 3 0 0 0 0/0 20:28 2:11 3:30
Max Pacioretty 0 0 0 -2 0 1 0 1 0 0 0/0 14:04 2:11 0:00
Nathan Bastian 0 0 0 -1 2 0 1 1 0 0 0/0 11:10 0:00 0:00
Nick Blankenburg 0 0 0 -2 0 0 0 1 0 0 0/0 18:36 2:11 1:06
Oliver Ekman-Larsson 0 0 0 0 4 0 0 1 0 1 0/0 21:02 2:13 0:00
Vladimir Tarasenko 1 0 1 -1 0 5 1 1 0 1 0/0 13:24 2:14 0:00
Players Stats for Tampa Bay Lightning
Player Name G A P +/- PIM S H SB GA TA FO MP PP MP PK MP
------------------------------------------------------------------------------------
Alexander Kerfoot 0 0 0 0 0 1 1 0 0 1 0/0 13:32 0:00 2:10
Anze Kopitar 0 1 1 1 0 3 1 0 0 0 5/12 14:43 0:14 2:10
Christian Dvorak 0 0 0 0 0 1 0 0 1 1 5/12 13:39 0:00 2:15
Darnell Nurse 0 0 0 2 0 0 0 0 0 0 0/0 23:01 3:47 2:21
Dylan Cozens 1 1 2 1 0 2 1 0 1 0 6/10 15:19 2:52 0:00
Gustav Nyquist 0 0 0 1 0 0 1 0 0 0 0/0 13:29 0:00 2:15
Hampus Lindholm 0 2 2 2 0 1 1 3 0 0 0/0 22:33 3:47 0:49
Ivan Barbashev 0 1 1 1 0 0 2 0 0 1 0/0 12:16 0:00 0:00
Johnny Gaudreau 1 0 1 0 0 3 3 0 0 0 1/2 14:44 3:17 0:00
Kirill Kaprizov 2 0 2 1 0 6 0 0 3 1 0/0 15:30 3:58 0:00
Michael Matheson 0 0 0 -1 0 1 2 2 1 0 0/0 17:57 3:28 0:00
Moritz Seider 0 0 0 1 2 1 0 1 0 1 0/0 21:10 3:09 1:15
Roope Hintz 1 1 2 1 0 2 3 0 0 0 0/2 15:26 3:10 0:00
Ryan Graves 0 0 0 -1 0 0 0 0 0 0 0/0 17:33 0:00 2:04
Tomas Hertl 0 0 0 0 0 4 3 0 0 0 5/7 14:04 0:59 0:00
Travis Konecny 0 1 1 0 4 7 4 0 0 0 1/2 16:02 3:40 0:00
Tyler Toffoli 0 1 1 0 2 0 0 0 1 0 0/2 15:01 3:35 0:00
Vladislav Gavrikov 0 1 1 1 0 1 0 1 0 1 0/0 17:52 0:19 2:21
3 Stars
1 - Kirill Kaprizov (TBL)
2 - Roope Hintz (TBL)
3 - Dylan Cozens (TBL)
Power Play
Philadelphia Flyers - 1 on 4 Attempt(s) - 25.00%
Tampa Bay Lightning - 2 on 6 Attempt(s) - 33.33%
Penalty Kill
Philadelphia Flyers - 4 on 6 Attempt(s) - 66.67%
- Score 0 goal in Penalty Kill
Tampa Bay Lightning - 3 on 4 Attempt(s) - 75.00%
- Score 0 goal in Penalty Kill
Team Stat
Philadelphia Flyers - Hits : 24 - Faceoff Wins : 26 - Blocked Shots : 10 - Penalty Minutes : 12
Tampa Bay Lightning - Hits : 22 - Faceoff Wins : 23 - Blocked Shots : 7 - Penalty Minutes : 8
Official
Referees : Graham Skiliter and Jon Mclsaac
Linesman : Michel Cormier and Shandor Alphonso
Game Notes
No Game Note
Finance
Level 1 -- Attendance: 6000 (100.00%) -- Ticket Income $570,000
Level 2 -- Attendance: 5000 (100.00%) -- Ticket Income $275,000
Level 3 -- Attendance: 3000 (100.00%) -- Ticket Income $102,000
Level 4 -- Attendance: 4826 (96.52%) -- Ticket Income $101,346
Luxury Box -- Attendance: 1000 (100.00%) -- Ticket Income $195,000
Game was played at the Tampa Bay Times Forum.
Total Attendance: 19826 (99.13%)
Total Ticket Income: $1,243,346
Other Income: $435,171
Total Income: $1,678,517
Philadelphia Flyers
5 vs 5 Forward
Center Left Wing Right Wing Time % Phy DF OF
1 Auston Matthews Vladimir Tarasenko Nathan Bastian 32 1 1 3
2 Elias Lindholm Matt Duchene Lukas Sedlak 32 1 3 1
3 Juuso Parssinen Max Pacioretty Jack McBain 31 2 2 1
4 Charles Hudon Bryan Rust Jesper Fast 5 1 2 2
5 vs 5 Defense
Defense Defense Time % Phy DF OF
1 Justin Faulk Ben Chiarot 35 1 2 2
2 Oliver Ekman-Larsson Artem Zub 35 1 2 2
3 Nick Blankenburg Matt Roy 30 1 2 2
4 Justin Faulk Ben Chiarot 0 1 2 2
PowerPlay Forward
Center Left Wing Right Wing Time % Phy DF OF
1 Auston Matthews Max Pacioretty Matt Duchene 50 0 1 4
2 Elias Lindholm Vladimir Tarasenko Bryan Rust 50 0 1 4
PowerPlay Defense
Defense Defense Time % Phy DF OF
1 Justin Faulk Oliver Ekman-Larsson 50 0 2 3
2 Nick Blankenburg Matt Roy 50 0 2 3
Penalty Kill 4 Players Forward
Center Wing Time % Phy DF OF
1 Elias Lindholm Jack McBain 50 1 3 1
2 Auston Matthews Bryan Rust 50 1 3 1
Penalty Kill 4 Players Defense
Defense Defense Time % Phy DF OF
1 Justin Faulk Ben Chiarot 50 1 4 0
2 Artem Zub Matt Roy 50 1 4 0
Penalty Kill - 3 Players Forward
Forward Time % Phy DF OF
1 Jack McBain 50 0 4 1
2 Elias Lindholm 50 0 4 1
Penalty Kill - 3 Players Defense
Defense Defense Time % Phy DF OF
1 Justin Faulk Ben Chiarot 50 0 5 0
2 Artem Zub Matt Roy 50 0 5 0
4 vs 4 Forward
Center Wing Time % Phy DF OF
1 Auston Matthews Matt Duchene 50 1 1 3
2 Elias Lindholm Max Pacioretty 50 1 2 2
4 vs 4 Defense
Defense Defense Time % Phy DF OF
1 Justin Faulk Ben Chiarot 50 1 2 2
2 Oliver Ekman-Larsson Artem Zub 50 1 2 2
Last Minutes Offensive
Center Left Wing Right Wing Defense Defense
Auston Matthews Max Pacioretty Matt Duchene Justin Faulk Oliver Ekman-Larsson
Last Minutes Defensive
Center Left Wing Right Wing Defense Defense
Elias Lindholm Jack McBain Bryan Rust Ben Chiarot Matt Roy
Goaltenders
Starting : Connor Ingram
Backup : Jake Allen
Extra Forwards
Normal : Auston Matthews, Elias Lindholm, Matt Duchene - PP : Auston Matthews, Elias Lindholm - PK : Elias Lindholm
Extra Defensemen
Normal : Justin Faulk, Oliver Ekman-Larsson, Nick Blankenburg - PP : Justin Faulk - PK : Ben Chiarot, Matt Roy
Penalty Shots
Auston Matthews, Elias Lindholm, Bryan Rust, Matt Duchene, Vladimir Tarasenko
Tampa Bay Lightning
5 vs 5 Forward
Center Left Wing Right Wing Time % Phy DF OF
1 Anze Kopitar Kirill Kaprizov Gustav Nyquist 25 1 2 2
2 Dylan Cozens Roope Hintz Ivan Barbashev 25 1 2 2
3 Tomas Hertl Alexander Kerfoot Travis Konecny 25 1 2 2
4 Christian Dvorak Johnny Gaudreau Tyler Toffoli 25 1 2 2
5 vs 5 Defense
Defense Defense Time % Phy DF OF
1 Darnell Nurse Hampus Lindholm 35 1 2 2
2 Moritz Seider Vladislav Gavrikov 35 1 2 2
3 Michael Matheson Ryan Graves 30 1 2 2
4 Darnell Nurse Moritz Seider 0 1 2 2
PowerPlay Forward
Center Left Wing Right Wing Time % Phy DF OF
1 Roope Hintz Kirill Kaprizov Travis Konecny 50 1 2 2
2 Dylan Cozens Johnny Gaudreau Tyler Toffoli 50 1 2 2
PowerPlay Defense
Defense Defense Time % Phy DF OF
1 Michael Matheson Moritz Seider 50 1 2 2
2 Hampus Lindholm Darnell Nurse 50 1 2 2
Penalty Kill 4 Players Forward
Center Wing Time % Phy DF OF
1 Anze Kopitar Alexander Kerfoot 50 1 2 2
2 Christian Dvorak Gustav Nyquist 50 1 2 2
Penalty Kill 4 Players Defense
Defense Defense Time % Phy DF OF
1 Darnell Nurse Vladislav Gavrikov 50 1 2 2
2 Moritz Seider Ryan Graves 50 1 2 2
Penalty Kill - 3 Players Forward
Forward Time % Phy DF OF
1 Anze Kopitar 50 1 2 2
2 Christian Dvorak 50 1 2 2
Penalty Kill - 3 Players Defense
Defense Defense Time % Phy DF OF
1 Darnell Nurse Vladislav Gavrikov 50 1 2 2
2 Moritz Seider Ryan Graves 50 1 2 2
4 vs 4 Forward
Center Wing Time % Phy DF OF
1 Tomas Hertl Kirill Kaprizov 50 1 2 2
2 Anze Kopitar Travis Konecny 50 1 2 2
4 vs 4 Defense
Defense Defense Time % Phy DF OF
1 Michael Matheson Vladislav Gavrikov 50 1 2 2
2 Hampus Lindholm Ryan Graves 50 1 2 2
Last Minutes Offensive
Center Left Wing Right Wing Defense Defense
Anze Kopitar Kirill Kaprizov Travis Konecny Darnell Nurse Moritz Seider
Last Minutes Defensive
Center Left Wing Right Wing Defense Defense
Anze Kopitar Christian Dvorak Alexander Kerfoot Darnell Nurse Moritz Seider
Goaltenders
Starting : Filip Gustavsson
Backup : Darcy Kuemper
Extra Forwards
Normal : Tomas Hertl, Anze Kopitar, Dylan Cozens - PP : Tomas Hertl, Anze Kopitar - PK : Travis Konecny
Extra Defensemen
Normal : Vladislav Gavrikov, Ryan Graves, Hampus Lindholm - PP : Vladislav Gavrikov - PK : Ryan Graves, Hampus Lindholm
Penalty Shots
Gustav Nyquist, Kirill Kaprizov, Alexander Kerfoot, Anze Kopitar, Roope Hintz
% Time on Ice - Philadelphia Flyers
Lines # - Real PCT - Wanted PCT - Time Play
Normal Forward
1 - 30% - 32% - 13:50
2 - 28% - 32% - 12:53
3 - 24% - 31% - 11:16
4 - 19% - 5% - 8:41
Normal Defense
1 - 33% - 35% - 15:23
2 - 37% - 35% - 17:19
3 - 28% - 30% - 13:11
4 - 2% - 0% - 0:47
PP Forward
1 - 49% - 50% - 2:11
2 - 51% - 50% - 2:14
PP Defense
1 - 51% - 50% - 2:14
2 - 49% - 50% - 2:11
PK Forward
1 - 50% - 50% - 3:39
2 - 50% - 50% - 3:36
PK Defense
1 - 49% - 50% - 3:34
2 - 51% - 50% - 3:41
PK3 Forward
1 - 0% - 50%
2 - 0% - 50%
PK3 Defense
1 - 0% - 50%
2 - 0% - 50%
44 Forward
1 - 47% - 50% - 0:47
2 - 53% - 50% - 0:53
44 Defense
1 - 32% - 50% - 0:32
2 - 68% - 50% - 1:08
Last Minute Offensive - 0:00
Last Minute Defensive - 0:00
Total
Forward - 60:00
Defense - 60:00
|
% Time on Ice - Tampa Bay Lightning
Lines # - Real PCT - Wanted PCT - Time Play
Normal Forward
1 - 25% - 25% - 11:28
2 - 27% - 25% - 12:37
3 - 24% - 25% - 11:22
4 - 24% - 25% - 11:13
Normal Defense
1 - 35% - 35% - 16:29
2 - 35% - 35% - 16:32
3 - 28% - 30% - 13:17
4 - 1% - 0% - 0:22
PP Forward
1 - 55% - 50% - 3:58
2 - 45% - 50% - 3:17
PP Defense
1 - 48% - 50% - 3:28
2 - 52% - 50% - 3:47
PK Forward
1 - 49% - 50% - 2:10
2 - 51% - 50% - 2:15
PK Defense
1 - 53% - 50% - 2:21
2 - 47% - 50% - 2:04
PK3 Forward
1 - 0% - 50%
2 - 0% - 50%
PK3 Defense
1 - 0% - 50%
2 - 0% - 50%
44 Forward
1 - 55% - 50% - 0:55
2 - 45% - 50% - 0:45
44 Defense
1 - 58% - 50% - 0:58
2 - 42% - 50% - 0:42
Last Minute Offensive - 0:00
Last Minute Defensive - 0:00
Total
Forward - 60:00
Defense - 60:00
|
Play-by-Play
1st period
0:01 of 1st period - Anze Kopitar wins face-off versus Auston Matthews in neutral zone.
0:04 of 1st period - Ben Chiarot is hit by Anze Kopitar and loses puck.
1:08 of 1st period - Slapshot by Justin Faulk.
1:08 of 1st period - Shot Blocked by Michael Matheson.
1:10 of 1st period - Wrist shot by Jesper Fast.
1:10 of 1st period - Stopped by Filip Gustavsson with a rebound.
1:12 of 1st period - Snap shot by Justin Faulk.
1:12 of 1st period - Deflect By Bryan Rust.
1:12 of 1st period - Stopped by Filip Gustavsson with a rebound.
1:14 of 1st period - Slapshot by Justin Faulk.
1:14 of 1st period - Shot Misses the Net.
1:18 of 1st period - Snap shot by Bryan Rust.
1:18 of 1st period - Deflect By Charles Hudon.
1:18 of 1st period - Stopped by Filip Gustavsson with a rebound.
3:23 of 1st period - Wrist shot by Travis Konecny.
3:23 of 1st period - Shot Misses the Net.
3:25 of 1st period - Snap shot by Alexander Kerfoot.
3:25 of 1st period - Deflect By Travis Konecny.
3:25 of 1st period - Shot Misses the Net.
3:25 of 1st period - Puck is out of play.
3:26 of 1st period - Tomas Hertl wins face-off versus Elias Lindholm in Philadelphia Flyers zone.
3:27 of 1st period - Wrist shot by Travis Konecny.
3:27 of 1st period - Stopped by Connor Ingram with a rebound.
3:51 of 1st period - Christian Dvorak is hit by Jack McBain and loses puck.
4:12 of 1st period - Slapshot by Johnny Gaudreau.
4:12 of 1st period - Shot Blocked by Ben Chiarot.
5:38 of 1st period - Snap shot by Travis Konecny.
5:38 of 1st period - Stopped by Connor Ingram without a rebound.
5:39 of 1st period - Matt Duchene wins face-off versus Dylan Cozens in Philadelphia Flyers zone.
5:52 of 1st period - Dylan Cozens is hit by Lukas Sedlak and loses puck.
6:05 of 1st period - Juuso Parssinen is hit by Johnny Gaudreau and loses puck.
7:20 of 1st period - Wrist shot by Johnny Gaudreau.
7:20 of 1st period - Shot Misses the Net.
7:43 of 1st period - Snap shot by Jesper Fast.
7:43 of 1st period - Shot Blocked by Moritz Seider.
8:14 of 1st period - Snap shot by Johnny Gaudreau.
8:14 of 1st period - Stopped by Connor Ingram with a rebound.
8:57 of 1st period - Backhand shot by Elias Lindholm.
8:57 of 1st period - Stopped by Filip Gustavsson without a rebound.
8:58 of 1st period - Tomas Hertl wins face-off versus Auston Matthews in Tampa Bay Lightning zone.
9:03 of 1st period - Wrist shot by Tomas Hertl.
9:03 of 1st period - Stopped by Connor Ingram without a rebound.
9:04 of 1st period - Auston Matthews wins face-off versus Tomas Hertl in Philadelphia Flyers zone.
9:04 of 1st period - Auston Matthews is hit by Michael Matheson.
9:26 of 1st period - Wrist shot by Auston Matthews.
9:26 of 1st period - Deflect By Vladimir Tarasenko.
9:26 of 1st period - Shot Misses the Net.
9:26 of 1st period - Puck is out of play.
9:27 of 1st period - Juuso Parssinen wins face-off versus Christian Dvorak in Tampa Bay Lightning zone.
9:31 of 1st period - Minor Penalty to Moritz Seider for Hooking.
9:32 of 1st period - Auston Matthews wins face-off versus Anze Kopitar in Tampa Bay Lightning zone.
9:34 of 1st period - Slapshot by Auston Matthews.
9:34 of 1st period - Deflect By Matt Duchene.
9:34 of 1st period - Shot Misses the Net.
9:34 of 1st period - Puck is out of play.
9:35 of 1st period - Anze Kopitar wins face-off versus Auston Matthews in Tampa Bay Lightning zone.
9:35 of 1st period - Anze Kopitar is hit by Auston Matthews.
9:49 of 1st period - Snap shot by Alexander Kerfoot.
9:49 of 1st period - Stopped by Connor Ingram without a rebound.
9:50 of 1st period - Elias Lindholm wins face-off versus Christian Dvorak in Philadelphia Flyers zone.
9:54 of 1st period - Off-side.
9:55 of 1st period - Christian Dvorak wins face-off versus Elias Lindholm in neutral zone.
10:57 of 1st period - Christian Dvorak is hit by Auston Matthews and loses puck.
11:31 of 1st period - Penalty to Moritz Seider is over, Moritz Seider is back on ice.
11:43 of 1st period - Jack McBain is hit by Roope Hintz.
12:16 of 1st period - Alexander Kerfoot is hit by Justin Faulk and loses puck.
12:37 of 1st period - Wrist shot by Anze Kopitar.
12:37 of 1st period - Shot Misses the Net.
12:49 of 1st period - Wrist shot by Tyler Toffoli.
12:49 of 1st period - Shot Blocked by Max Pacioretty.
13:20 of 1st period - Icing by Tyler Toffoli.
13:21 of 1st period - Auston Matthews wins face-off versus Tyler Toffoli in Tampa Bay Lightning zone.
13:42 of 1st period - Moritz Seider is hit by Elias Lindholm and loses puck.
13:49 of 1st period - Wrist shot by Travis Konecny.
13:49 of 1st period - Stopped by Connor Ingram with a rebound.
14:05 of 1st period - Wrist shot by Ivan Barbashev.
14:05 of 1st period - Shot Blocked by Artem Zub.
14:07 of 1st period - Slapshot by Vladislav Gavrikov.
14:07 of 1st period - Deflect By Max Pacioretty.
14:07 of 1st period - Stopped by Connor Ingram with a rebound.
14:09 of 1st period - Snap shot by Roope Hintz.
14:09 of 1st period - Shot Misses the Net.
14:11 of 1st period - Slapshot by Moritz Seider.
14:11 of 1st period - Stopped by Connor Ingram with a rebound.
14:29 of 1st period - Slapshot by Kirill Kaprizov.
14:29 of 1st period - Deflect By Anze Kopitar.
14:29 of 1st period - Shot Misses the Net.
14:29 of 1st period - Puck is out of play.
14:30 of 1st period - Elias Lindholm wins face-off versus Johnny Gaudreau in Philadelphia Flyers zone.
14:35 of 1st period - Slapshot by Matt Duchene.
14:35 of 1st period - Shot Misses the Net.
15:25 of 1st period - Matt Roy is hit by Tomas Hertl and loses puck.
15:50 of 1st period - Snap shot by Roope Hintz.
15:50 of 1st period - Shot Misses the Net.
15:52 of 1st period - Snap shot by Moritz Seider.
15:52 of 1st period - Shot Blocked by Oliver Ekman-Larsson.
16:11 of 1st period - Wrist shot by Matt Duchene.
16:11 of 1st period - Deflect By Lukas Sedlak.
16:11 of 1st period - Stopped by Filip Gustavsson without a rebound.
16:12 of 1st period - Anze Kopitar wins face-off versus Juuso Parssinen in Tampa Bay Lightning zone.
16:31 of 1st period - Hampus Lindholm is hit by Jack McBain and loses puck.
17:23 of 1st period - Snap shot by Kirill Kaprizov.
17:23 of 1st period - Stopped by Connor Ingram with a rebound.
17:33 of 1st period - Slapshot by Kirill Kaprizov.
17:33 of 1st period - Stopped by Connor Ingram with a rebound.
17:45 of 1st period - Slapshot by Kirill Kaprizov.
17:45 of 1st period - Stopped by Connor Ingram with a rebound.
17:53 of 1st period - Wrist shot by Kirill Kaprizov.
17:53 of 1st period - Stopped by Connor Ingram without a rebound.
17:54 of 1st period - Elias Lindholm wins face-off versus Christian Dvorak in Philadelphia Flyers zone.
17:56 of 1st period - Icing by Matt Duchene.
17:57 of 1st period - Christian Dvorak wins face-off versus Elias Lindholm in Philadelphia Flyers zone.
18:06 of 1st period - Snap shot by Johnny Gaudreau.
18:06 of 1st period - Deflect By Christian Dvorak.
18:06 of 1st period - Stopped by Connor Ingram with a rebound.
18:35 of 1st period - Off-side.
18:36 of 1st period - Dylan Cozens wins face-off versus Auston Matthews in neutral zone.
18:59 of 1st period - Wrist shot by Elias Lindholm.
18:59 of 1st period - Stopped by Filip Gustavsson without a rebound.
19:00 of 1st period - Travis Konecny wins face-off versus Elias Lindholm in Tampa Bay Lightning zone.
19:07 of 1st period - Snap shot by Travis Konecny.
19:07 of 1st period - Stopped by Connor Ingram without a rebound.
19:08 of 1st period - Christian Dvorak wins face-off versus Elias Lindholm in Philadelphia Flyers zone.
19:21 of 1st period - Snap shot by Johnny Gaudreau.
19:21 of 1st period - Stopped by Connor Ingram without a rebound.
19:22 of 1st period - Dylan Cozens wins face-off versus Auston Matthews in Philadelphia Flyers zone.
19:23 of 1st period - Snap shot by Ivan Barbashev.
19:23 of 1st period - Shot Blocked by Nathan Bastian.
19:25 of 1st period - Minor Penalty to Oliver Ekman-Larsson for Roughing.
19:26 of 1st period - Elias Lindholm wins face-off versus Roope Hintz in Philadelphia Flyers zone.
Goals for this period are 0 for Philadelphia Flyers vs 0 for Tampa Bay Lightning.
Shots for this period are 6 for Philadelphia Flyers vs 15 for Tampa Bay Lightning.
2nd period
0:01 of 2nd period - Elias Lindholm wins face-off versus Tyler Toffoli in neutral zone.
0:36 of 2nd period - Snap shot by Travis Konecny.
0:36 of 2nd period - Shot Hit the Post.
1:25 of 2nd period - Penalty to Oliver Ekman-Larsson is over, Oliver Ekman-Larsson is back on ice.
1:42 of 2nd period - Jack McBain is hit by Travis Konecny and loses puck.
2:12 of 2nd period - Wrist shot by Tomas Hertl.
2:12 of 2nd period - Deflect By Travis Konecny.
2:12 of 2nd period - Stopped by Connor Ingram with a rebound.
3:08 of 2nd period - Wrist shot by Tomas Hertl.
3:08 of 2nd period - Stopped by Connor Ingram with a rebound.
3:44 of 2nd period - Snap shot by Elias Lindholm.
3:44 of 2nd period - Stopped by Filip Gustavsson without a rebound.
3:45 of 2nd period - Auston Matthews wins face-off versus Dylan Cozens in Tampa Bay Lightning zone.
3:48 of 2nd period - Snap shot by Vladimir Tarasenko.
3:48 of 2nd period - Shot Misses the Net.
4:18 of 2nd period - Snap shot by Johnny Gaudreau.
4:18 of 2nd period - Shot Misses the Net.
4:22 of 2nd period - Snap shot by Johnny Gaudreau.
4:22 of 2nd period - Shot Misses the Net.
4:54 of 2nd period - Slapshot by Dylan Cozens.
4:54 of 2nd period - Stopped by Connor Ingram with a rebound.
4:56 of 2nd period - Slapshot by Roope Hintz.
4:56 of 2nd period - Goal by Roope Hintz - Philadelphia Flyers : 0 - Tampa Bay Lightning : 1.
4:57 of 2nd period - Christian Dvorak wins face-off versus Auston Matthews in neutral zone.
5:23 of 2nd period - Roope Hintz is hit by Matt Roy and loses puck.
5:37 of 2nd period - Ryan Graves is hit by Jesper Fast and loses puck.
6:41 of 2nd period - Lukas Sedlak is hit by Dylan Cozens.
7:21 of 2nd period - Ryan Graves is hit by Charles Hudon and loses puck.
7:32 of 2nd period - Juuso Parssinen is hit by Michael Matheson.
7:48 of 2nd period - Wrist shot by Anze Kopitar.
7:48 of 2nd period - Stopped by Connor Ingram with a rebound.
7:50 of 2nd period - Slapshot by Kirill Kaprizov.
7:50 of 2nd period - Deflect By Anze Kopitar.
7:50 of 2nd period - Stopped by Connor Ingram with a rebound.
8:37 of 2nd period - Dylan Cozens is hit by Nathan Bastian and loses puck.
9:36 of 2nd period - Gustav Nyquist is hit by Jack McBain and loses puck.
9:55 of 2nd period - Wrist shot by Vladimir Tarasenko.
9:55 of 2nd period - Stopped by Filip Gustavsson with a rebound.
9:57 of 2nd period - Slapshot by Matt Roy.
9:57 of 2nd period - Shot Misses the Net.
9:59 of 2nd period - Wrist shot by Vladimir Tarasenko.
9:59 of 2nd period - Stopped by Filip Gustavsson with a rebound.
10:05 of 2nd period - Minor Penalty to Tyler Toffoli for Hooking.
10:06 of 2nd period - Anze Kopitar wins face-off versus Elias Lindholm in Tampa Bay Lightning zone.
10:06 of 2nd period - Anze Kopitar is hit by Elias Lindholm.
10:22 of 2nd period - Snap shot by Anze Kopitar.
10:22 of 2nd period - Shot Misses the Net.
10:24 of 2nd period - Minor Penalty to Oliver Ekman-Larsson for High sticking.
10:25 of 2nd period - Auston Matthews wins face-off versus Tomas Hertl in Philadelphia Flyers zone.
10:56 of 2nd period - Slapshot by Elias Lindholm.
10:56 of 2nd period - Stopped by Filip Gustavsson without a rebound.
10:57 of 2nd period - Elias Lindholm wins face-off versus Travis Konecny in Tampa Bay Lightning zone.
11:02 of 2nd period - Wrist shot by Max Pacioretty.
11:02 of 2nd period - Stopped by Filip Gustavsson with a rebound.
11:12 of 2nd period - Wrist shot by Travis Konecny.
11:12 of 2nd period - Stopped by Connor Ingram with a rebound.
11:31 of 2nd period - Wrist shot by Elias Lindholm.
11:31 of 2nd period - Deflect By Hampus Lindholm.
11:31 of 2nd period - Stopped by Filip Gustavsson with a rebound.
12:05 of 2nd period - Penalty to Tyler Toffoli is over, Tyler Toffoli is back on ice.
12:12 of 2nd period - Snap shot by Kirill Kaprizov.
12:12 of 2nd period - Shot Misses the Net.
12:24 of 2nd period - Penalty to Oliver Ekman-Larsson is over, Oliver Ekman-Larsson is back on ice.
12:42 of 2nd period - Wrist shot by Max Pacioretty.
12:42 of 2nd period - Shot Misses the Net.
12:56 of 2nd period - Dylan Cozens is hit by Bryan Rust and loses puck.
13:09 of 2nd period - Johnny Gaudreau is hit by Matt Roy and loses puck.
13:45 of 2nd period - Justin Faulk is hit by Travis Konecny and loses puck.
14:02 of 2nd period - Jesper Fast is hit by Ivan Barbashev and loses puck.
14:32 of 2nd period - Artem Zub is hit by Roope Hintz and loses puck.
14:36 of 2nd period - Minor Penalty to Artem Zub for Tripping.
14:37 of 2nd period - Elias Lindholm wins face-off versus Roope Hintz in Philadelphia Flyers zone.
15:12 of 2nd period - Snap shot by Travis Konecny.
15:12 of 2nd period - Shot Misses the Net.
15:14 of 2nd period - Backhand shot by Travis Konecny.
15:14 of 2nd period - Stopped by Connor Ingram with a rebound.
15:16 of 2nd period - Slapshot by Hampus Lindholm.
15:16 of 2nd period - Deflect By Auston Matthews.
15:16 of 2nd period - Stopped by Connor Ingram with a rebound.
15:18 of 2nd period - Snap shot by Kirill Kaprizov.
15:18 of 2nd period - Goal by Kirill Kaprizov - Philadelphia Flyers : 0 - Tampa Bay Lightning : 2.
15:19 of 2nd period - Christian Dvorak wins face-off versus Elias Lindholm in neutral zone.
15:31 of 2nd period - Slapshot by Christian Dvorak.
15:31 of 2nd period - Shot Misses the Net.
15:45 of 2nd period - Anze Kopitar is hit by Juuso Parssinen and loses puck.
15:54 of 2nd period - Slapshot by Kirill Kaprizov.
15:54 of 2nd period - Goal by Kirill Kaprizov - Philadelphia Flyers : 0 - Tampa Bay Lightning : 3.
15:55 of 2nd period - Elias Lindholm wins face-off versus Dylan Cozens in neutral zone.
15:58 of 2nd period - Roope Hintz is hit by Lukas Sedlak and loses puck.
16:03 of 2nd period - Wrist shot by Elias Lindholm.
16:03 of 2nd period - Goal by Elias Lindholm - Philadelphia Flyers : 1 - Tampa Bay Lightning : 3.
16:04 of 2nd period - Elias Lindholm wins face-off versus Christian Dvorak in neutral zone.
16:09 of 2nd period - Slapshot by Oliver Ekman-Larsson.
16:09 of 2nd period - Shot Misses the Net.
16:29 of 2nd period - Max Pacioretty is hit by Ivan Barbashev and loses puck.
16:58 of 2nd period - Wrist shot by Tomas Hertl.
16:58 of 2nd period - Stopped by Connor Ingram with a rebound.
17:00 of 2nd period - Wrist shot by Ryan Graves.
17:00 of 2nd period - Shot Blocked by Nick Blankenburg.
17:06 of 2nd period - Minor Penalty to Nathan Bastian for Holding.
17:07 of 2nd period - Dylan Cozens wins face-off versus Elias Lindholm in Philadelphia Flyers zone.
17:34 of 2nd period - Justin Faulk is hit by Hampus Lindholm and loses puck.
19:06 of 2nd period - Penalty to Nathan Bastian is over, Nathan Bastian is back on ice.
19:17 of 2nd period - Snap shot by Anze Kopitar.
19:17 of 2nd period - Shot Misses the Net.
19:25 of 2nd period - Nathan Bastian is hit by Tomas Hertl and loses puck.
Goals for this period are 1 for Philadelphia Flyers vs 3 for Tampa Bay Lightning.
Shots for this period are 7 for Philadelphia Flyers vs 12 for Tampa Bay Lightning.
3rd period
0:01 of 3rd period - Elias Lindholm wins face-off versus Christian Dvorak in neutral zone.
0:36 of 3rd period - Wrist shot by Roope Hintz.
0:36 of 3rd period - Deflect By Dylan Cozens.
0:36 of 3rd period - Goal by Dylan Cozens - Philadelphia Flyers : 1 - Tampa Bay Lightning : 4.
0:37 of 3rd period - Tomas Hertl wins face-off versus Juuso Parssinen in neutral zone.
0:49 of 3rd period - Nick Blankenburg is hit by Travis Konecny and loses puck.
2:02 of 3rd period - Wrist shot by Vladimir Tarasenko.
2:02 of 3rd period - Stopped by Filip Gustavsson without a rebound.
2:03 of 3rd period - Tomas Hertl wins face-off versus Elias Lindholm in Tampa Bay Lightning zone.
2:05 of 3rd period - Minor Penalty to Travis Konecny for Holding.
2:06 of 3rd period - Anze Kopitar wins face-off versus Auston Matthews in Tampa Bay Lightning zone.
2:06 of 3rd period - Anze Kopitar is hit by Matt Duchene.
2:19 of 3rd period - Snap shot by Matt Duchene.
2:19 of 3rd period - Stopped by Filip Gustavsson without a rebound.
2:20 of 3rd period - Elias Lindholm wins face-off versus Anze Kopitar in Tampa Bay Lightning zone.
2:55 of 3rd period - Snap shot by Matt Duchene.
2:55 of 3rd period - Deflect By Auston Matthews.
2:55 of 3rd period - Shot Blocked by Vladislav Gavrikov.
2:55 of 3rd period - Puck is out of play.
2:56 of 3rd period - Auston Matthews wins face-off versus Anze Kopitar in Tampa Bay Lightning zone.
3:10 of 3rd period - Christian Dvorak is hit by Auston Matthews and loses puck.
4:05 of 3rd period - Penalty to Travis Konecny is over, Travis Konecny is back on ice.
4:34 of 3rd period - Icing by Roope Hintz.
4:35 of 3rd period - Dylan Cozens wins face-off versus Elias Lindholm in Tampa Bay Lightning zone.
5:49 of 3rd period - Wrist shot by Elias Lindholm.
5:49 of 3rd period - Shot Blocked by Hampus Lindholm.
5:51 of 3rd period - Snap shot by Lukas Sedlak.
5:51 of 3rd period - Stopped by Filip Gustavsson with a rebound.
6:19 of 3rd period - Slapshot by Tomas Hertl.
6:19 of 3rd period - Shot Misses the Net.
6:47 of 3rd period - Slapshot by Oliver Ekman-Larsson.
6:47 of 3rd period - Shot Blocked by Hampus Lindholm.
6:58 of 3rd period - Off-side.
6:59 of 3rd period - Elias Lindholm wins face-off versus Christian Dvorak in neutral zone.
7:04 of 3rd period - Slapshot by Nick Blankenburg.
7:04 of 3rd period - Shot Misses the Net.
7:06 of 3rd period - Slapshot by Nick Blankenburg.
7:06 of 3rd period - Shot Misses the Net.
7:08 of 3rd period - Slapshot by Nick Blankenburg.
7:08 of 3rd period - Shot Blocked by Michael Matheson.
7:24 of 3rd period - Max Pacioretty is hit by Tomas Hertl and loses puck.
8:07 of 3rd period - Wrist shot by Elias Lindholm.
8:07 of 3rd period - Stopped by Filip Gustavsson without a rebound.
8:08 of 3rd period - Dylan Cozens wins face-off versus Matt Duchene in Tampa Bay Lightning zone.
8:24 of 3rd period - Slapshot by Roope Hintz.
8:24 of 3rd period - Shot Blocked by Ben Chiarot.
8:59 of 3rd period - Ivan Barbashev is hit by Matt Roy and loses puck.
9:55 of 3rd period - Snap shot by Roope Hintz.
9:55 of 3rd period - Stopped by Connor Ingram with a rebound.
10:23 of 3rd period - Wrist shot by Elias Lindholm.
10:23 of 3rd period - Stopped by Filip Gustavsson without a rebound.
10:24 of 3rd period - Tomas Hertl wins face-off versus Juuso Parssinen in Tampa Bay Lightning zone.
10:59 of 3rd period - Wrist shot by Auston Matthews.
10:59 of 3rd period - Stopped by Filip Gustavsson without a rebound.
11:00 of 3rd period - Auston Matthews wins face-off versus Anze Kopitar in Tampa Bay Lightning zone.
11:03 of 3rd period - Slapshot by Vladimir Tarasenko.
11:03 of 3rd period - Shot Misses the Net.
11:05 of 3rd period - Slapshot by Artem Zub.
11:05 of 3rd period - Stopped by Filip Gustavsson without a rebound.
11:06 of 3rd period - Auston Matthews wins face-off versus Christian Dvorak in Tampa Bay Lightning zone.
11:19 of 3rd period - Slapshot by Michael Matheson.
11:19 of 3rd period - Stopped by Connor Ingram with a rebound.
11:21 of 3rd period - Slapshot by Ryan Graves.
11:21 of 3rd period - Shot Blocked by Vladimir Tarasenko.
11:35 of 3rd period - Snap shot by Travis Konecny.
11:35 of 3rd period - Shot Misses the Net.
11:37 of 3rd period - Slapshot by Ryan Graves.
11:37 of 3rd period - Shot Blocked by Artem Zub.
11:39 of 3rd period - Snap shot by Tomas Hertl.
11:39 of 3rd period - Stopped by Connor Ingram with a rebound.
11:41 of 3rd period - Minor Penalty to Artem Zub for Hooking.
11:42 of 3rd period - Dylan Cozens wins face-off versus Auston Matthews in Philadelphia Flyers zone.
13:05 of 3rd period - Auston Matthews is hit by Travis Konecny and loses puck.
13:41 of 3rd period - Penalty to Artem Zub is over, Artem Zub is back on ice.
13:46 of 3rd period - Travis Konecny is hit by Juuso Parssinen.
14:10 of 3rd period - Jesper Fast is hit by Gustav Nyquist and loses puck.
14:59 of 3rd period - Slapshot by Auston Matthews.
14:59 of 3rd period - Shot Misses the Net.
15:42 of 3rd period - Matt Roy is hit by Roope Hintz and loses puck.
16:06 of 3rd period - Artem Zub is hit by Johnny Gaudreau and loses puck.
16:13 of 3rd period - Hampus Lindholm is hit by Vladimir Tarasenko.
16:41 of 3rd period - Ryan Graves is hit by Jack McBain.
17:00 of 3rd period - Minor Penalty to Artem Zub for Hooking.
17:01 of 3rd period - Elias Lindholm wins face-off versus Dylan Cozens in Philadelphia Flyers zone.
17:15 of 3rd period - Wrist shot by Johnny Gaudreau.
17:15 of 3rd period - Shot Blocked by Justin Faulk.
17:17 of 3rd period - Snap shot by Johnny Gaudreau.
17:17 of 3rd period - Goal by Johnny Gaudreau - Philadelphia Flyers : 1 - Tampa Bay Lightning : 5.
17:18 of 3rd period - Johnny Gaudreau wins face-off versus Juuso Parssinen in neutral zone.
17:21 of 3rd period - Jack McBain is hit by Johnny Gaudreau and loses puck.
17:51 of 3rd period - Wrist shot by Tomas Hertl.
17:51 of 3rd period - Shot Misses the Net.
17:54 of 3rd period - Minor Penalty to Travis Konecny for Hooking.
17:55 of 3rd period - Elias Lindholm wins face-off versus Anze Kopitar in Tampa Bay Lightning zone.
17:56 of 3rd period - Wrist shot by Vladimir Tarasenko.
17:56 of 3rd period - Deflect By Moritz Seider.
17:56 of 3rd period - Stopped by Filip Gustavsson without a rebound.
17:57 of 3rd period - Elias Lindholm wins face-off versus Anze Kopitar in Tampa Bay Lightning zone.
18:02 of 3rd period - Snap shot by Vladimir Tarasenko.
18:02 of 3rd period - Goal by Vladimir Tarasenko - Philadelphia Flyers : 2 - Tampa Bay Lightning : 5.
18:03 of 3rd period - Juuso Parssinen wins face-off versus Anze Kopitar in neutral zone.
18:06 of 3rd period - Slapshot by Justin Faulk.
18:06 of 3rd period - Shot Blocked by Hampus Lindholm.
18:16 of 3rd period - Snap shot by Anze Kopitar.
18:16 of 3rd period - Stopped by Connor Ingram with a rebound.
18:30 of 3rd period - Alexander Kerfoot is hit by Lukas Sedlak and loses puck.
18:43 of 3rd period - Oliver Ekman-Larsson is hit by Alexander Kerfoot and loses puck.
19:06 of 3rd period - Snap shot by Christian Dvorak.
19:06 of 3rd period - Shot Misses the Net.
Goals for this period are 1 for Philadelphia Flyers vs 2 for Tampa Bay Lightning.
Shots for this period are 9 for Philadelphia Flyers vs 6 for Tampa Bay Lightning.
Back to the Top